 Dungeon Crawl Stone Soup version 0.23.0 (webtiles) character file.

Game seed: 11580208963960435926

193 Duralumin the Shooter (level 5, -9/37 HPs)
             Began as a Mummy Wanderer on Feb 16, 2019.
             Mangled by an iguana (11 damage)
             ... on level 3 of the Dungeon.
             The game lasted 00:08:47 (2410 turns).

Duralumin the Shooter (Mummy Wanderer)              Turns: 2410, Time: 00:08:48

Health: -9/37      AC:  7    Str: 13    XL:     5   Next: 43%
Magic:  7/7        EV: 10    Int: 14    God:
Gold:   87         SH:  0    Dex: 12    Spells: 6/6 levels left

rFire    x . .     SeeInvis .   r - +0 dagger
rCold    + + .     Gourm    .   (no shield)
rNeg     + + +     Faith    .   c - +0 ring mail
rPois    ∞         Spirit   .   (no helmet)
rElec    .         Reflect  .   e - scarf {repulsion}
rCorr    .         Harm     .   q - +1 pair of gloves
MR       .....                  (no boots)
Stlth    +.........             (no amulet)
HPRegen  0.12/turn              j - ring of protection from cold
MPRegen  0.10/turn              t - ring of poison resistance

@: repel missiles
A: no food or potions, fire vulnerability, cold resistance 1, negative energy
resistance 3, torment resistance, unbreathing
a: no special abilities


You were on level 3 of the Dungeon.
You were not hungry.

You visited 1 branch of the dungeon, and saw 3 of its levels.

You collected 87 gold pieces.

Inventory:

Hand Weapons
 a - a +2 shortbow
 b - a +0 club
 r - a +0 dagger (weapon)
Missiles
 s - 11 arrows
Armour
 c - a +0 ring mail (worn)
 e - a scarf of repulsion (worn)
 k - a +0 robe
 o - a +0 pair of gloves
 q - a +1 pair of gloves (worn)
Jewellery
 j - a ring of protection from cold (left hand)
 m - a -2 ring of intelligence
 p - an uncursed ring of magical power
 t - a ring of poison resistance (right hand)
Scrolls
 d - 2 scrolls of teleportation
 g - a scroll of fear {unknown}
 h - a scroll of remove curse
 i - 3 scrolls of magic mapping {unknown}
 l - 2 scrolls of blinking {unknown}
 n - a scroll of fog {unknown}


   Skills:
 - Level 1.0 Fighting
 + Level 4.5 Bows
 - Level 1.0 Throwing
 - Level 1.0 Armour
   Level 1.0 Shields
 - Level 1.3 Spellcasting
   Level 3.0 Necromancy
   Level 1.0 Translocations


You had 6 spell levels left.
You didn't know any spells.
Your spell library was empty.

Dungeon Overview and Level Annotations

Branches:
Dungeon (3/15)

Altars:

Annotations:
D:3 3 runed translucent doors, Flure's ghost, amateur DrAE


Innate Abilities, Weirdness & Mutations

You do not eat or drink.
Your flesh is vulnerable to fire.
You are immune to poison.
Your flesh is cold resistant. (rC+)
You are immune to negative energy. (rN+++)
You are immune to unholy pain and torment.
You can survive without breathing.


Message History

You are too injured to fight recklessly!
You closely miss the scorpion.
The scorpion is heavily wounded.
The scorpion stings you.
You hit the scorpion but do no damage.
The scorpion is heavily wounded.
The scorpion stings you.
Found a scroll labeled ZAICLOD DIACE.
An iguana, a rat and a kobold come into view.
The iguana hisses angrily.
A hobgoblin, an orc and an orc priest come into view.
The orc shouts!
An orc comes into view.
The orc priest mumbles some strange prayers to Beogh against you.
Beogh smites you!
* * * LOW HITPOINT WARNING * * *
The iguana bites you but does no damage.
The orc priest hits you but does no damage.
The iguana bites you!
You die...

##########
########.........
......r?.@og.....
#......Kl.o......
#........s.o.....
#........########
########.# #.# #.#
#.#
#######.#############


You could see a scorpion, an iguana, an orc priest, 2 orcs, a hobgoblin, a
kobold and a rat.

Vanquished Creatures
  Jessica (D:2)
  Ijyb (D:3)
  A gnoll (D:2)
  5 adders (D:2)
  A worm (D:2)
  7 dart slugs
  3 leopard geckos
  A ball python (D:3)
  4 bats
  4 giant cockroaches
  11 goblins
  6 hobgoblins
  4 jackals
  5 frilled lizards
  9 kobolds
  5 rats
68 creatures vanquished.

Notes
Turn   | Place    | Note
-------+----------+-------------------------------------------
     0 | D:1      | Duralumin the Mummy Wanderer began the quest for the Orb.
     0 | D:1      | Duralumin set off with the following items: a +2 shortbow,
                  | 27 arrows, a +0 ring mail, a scroll of teleportation
     0 | D:1      | Reached XP level 1. HP: 15/15 MP: 2/2
   130 | D:1      | Reached XP level 2. HP: 17/21 MP: 4/4
   169 | D:1      | Reached skill level 2 in Bows
   464 | D:1      | Reached XP level 3. HP: 26/26 MP: 5/5
   760 | D:2      | Noticed Jessica
   765 | D:2      | Killed Jessica
   765 | D:2      | Reached skill level 3 in Bows
   771 | D:2      | Reached XP level 4. HP: 24/32 MP: 6/6
  1194 | D:2      | Reached skill level 4 in Bows
  1261 | D:2      | Reached XP level 5. HP: 26/37 MP: 7/7
  1929 | D:3      | Noticed Ijyb
  1938 | D:3      | Paralysed by Ijyb for 7 turns
  1961 | D:3      | Paralysed by Ijyb for 7 turns
  2008 | D:3      | Killed Ijyb
  2337 | D:3      | Found a runed translucent gate.
  2337 | D:3      | Found a runed translucent gate.
  2338 | D:3      | Found a runed translucent gate.
  2340 | D:3      | Noticed Flure's ghost (amateur DrAE)
  2410 | D:3      | Mangled by an iguana

Skill      XL: |  1  2  3  4 |
---------------+-------------+-----
Bows           | 2 3 4 |  4.5
Fighting       | |  1.0
Throwing       | |  1.0
Armour         | |  1.0
Shields        | |  1.0
Spellcasting   | |  1.3
Necromancy     | |  3.0
Translocations | |  1.0

Action                   |  1- 3 |  4- 6 || total
-------------------------+-------+-------++-------
Melee: Dagger            |       |   161 ||   161
       Club              |       |    28 ||    28
 Fire: Shortbow          |    62 |   101 ||   163
  Use: Scroll            |       |     2 ||     2
Armor: Ring mail         |     7 |   111 ||   118
Dodge: Dodged            |    10 |   106 ||   116
       Deflected         |       |     3 ||     3
